 Dungeon Crawl Stone Soup version 0.28.0-49-g6dfe1f597d (webtiles) character file.

Game seed: 1018112730572396141

3579 styxcanada the Covert (level 9, -4/44 HPs)
             Began as a Spriggan Brigand on May 16, 2022.
             Was an Initiate of Gozag.
             Slain by an orc warrior
             ... wielding a +0 dire flail
              (18 damage)
             ... on level 7 of the Dungeon.
             The game lasted 00:41:00 (10668 turns).

styxcanada the Covert (Spriggan Brigand)           Turns: 10668, Time: 00:41:01

Health: -4/44      AC:  4    Str:  7    XL:     9   Next: 84%
Magic:  16/18      EV: 21    Int: 13    God:    Gozag
Gold:   685        SH:  7    Dex: 20    Spells: 15/18 levels left

rFire   . . .      SeeInvis +   a - +3 dagger
rCold   + . .      Faith    .   q - +0 buckler
rNeg    . . .      Spirit   .   b - +0 robe
rPois   .          Reflect  .   (helmet restricted)
rElec   .          Harm     .   e - +1 cloak
rCorr   .          Rampage  .   (gloves unavailable)
Will    +....                   (boots unavailable)
Stlth   +++++.....              (no amulet)
HPRegen 0.14/turn               w - ring of protection from cold
MPRegen 0.16/turn               (no ring)

@: gold aura, very quick
A: very small, no large weapons, unfitting armour, see invisible, speed 3
a: Renounce Religion, Potion Petition, Call Merchant, Bribe Branch


You were on level 7 of the Dungeon.
You worshipped Gozag.
Gozag was pleased with you.
You visited 2 branches of the dungeon, and saw 8 of its levels.
You also visited: Sewer.

You collected 740 gold pieces.
You paid 55 gold pieces to Gozag.

Inventory:

Hand Weapons
 a - a +3 dagger (weapon)
 d - a +4 quarterstaff of chaos
 h - a +0 hunting sling
Missiles
 c - 5 poisoned darts (quivered)
 j - 333 stones
 k - 24 sling bullets
 s - 2 curare-tipped darts
Armour
 b - a +0 robe (worn)
 e - a +1 cloak (worn)
 q - a +0 buckler (worn)
Jewellery
 w - a ring of protection from cold (left hand)
Wands
 g - a wand of digging (6)
 p - a wand of iceblast (1)
Scrolls
 f - a scroll of enchant weapon
 i - a scroll of teleportation
 o - a scroll of silence
 v - a scroll of identify
Potions
 l - a potion of mutation {unknown}
 m - a potion of lignification
 n - 3 potions of curing {unknown}
 r - a potion of flight {unknown}
 t - 2 potions of invisibility {unknown}
 u - a potion of haste {unknown}


   Skills:
 + Level 3.3 Fighting
 + Level 5.3 Short Blades
 + Level 3.3(4.4) Slings
 + Level 3.6(4.1) Throwing
 * Level 6.8 Dodging
 * Level 10.8 Stealth
 * Level 3.3 Shields
 * Level 5.4 Spellcasting
 * Level 5.0 Hexes
 * Level 1.0 Transmutations
 * Level 3.3 Ice Magic
 * Level 0.4 Poison Magic
 + Level 1.1 Evocations


You had 15 spell levels left.
You knew the following spells:

 Your Spells              Type           Power      Damage    Failure   Level
a - Ensorcelled Hibernat  Hex/Ice        28%        N/A       10%         2
b - Sting                 Tmut/Pois      20%        1d4       26%         1

Your spell library contained the following spells:

 Spells                   Type           Power      Damage    Failure   Level
 Tukima's Dance           Hex            16%        N/A       13%         3
 Pain                     Necr           12%        1d4       34%         1
 Poisonous Vapours        Pois/Air       8%         N/A       45%         2
 Spider Form              Tmut/Pois      5%         N/A       61%         3
 Anguish                  Hex/Necr       5%         N/A       77%         4
 Olgreb's Toxic Radiance  Pois           4%         N/A       96%         4
 Agony                    Necr           3%         N/A       100%        5
 Excruciating Wounds      Necr           1%         N/A       100%        5
 Summon Forest            Summ/Tloc      1%         N/A       100%        5
 Eringya's Noxious Bog    Tmut/Pois      2%         N/A       100%        6
 Enfeeble                 Hex            8%         N/A       100%        7
 Summon Hydra             Summ           1%         N/A       100%        7


Dungeon Overview and Level Annotations

Branches:
Dungeon (7/15)             Temple (1/1) D:5           Sewer (visited)

Altars:
Gozag
Hepliaklqana
Kikubaaqudgha
Nemelex Xobeh
Qazlal
Ru
Sif Muna
Trog
Zin
The Shining One

Annotations:
D:3 3 runed translucent doors, bnorton916's ghost, weakling DEVM; greasedhog's ghost, amateur GrFi; pkoi's ghost, amateur DgCj


Innate Abilities, Weirdness & Mutations

You are very small and have problems with some larger weapons.
You are too small for most types of armour.
You have supernaturally acute eyesight. (SInv)
You cover ground extremely quickly. (Speed+++)


Message History

The orc priest hits you with a +0 hand axe.
The orc priest hits you with a +0 falchion.
* * * LOW HITPOINT WARNING * * *
Casting: Ensorcelled Hibernation (safe; 10% risk of failure)
Confirm with . or Enter, or press ? or * to list all spells.
Aiming: Ensorcelled Hibernation (safe; 10% risk of failure)
Press: ? - help, Shift-Dir - straight line, f - orc warrior, p - orc priest
Aim: an orc warrior, wielding a +0 dire flail and wearing a +0 chain mail (chance to affect: 48%)
Okay, then.
Aiming: Iceblast
Press: ? - help, Shift-Dir - straight line, f/p - orc priest
Aim: an orc priest, wielding a +0 falchion and wearing a +0 leather armour (moderately wounded)
The mass of ice explodes!
The iceblast engulfs the orc warrior.
The orc warrior is lightly wounded.
The iceblast engulfs the orc priest.
The orc priest is moderately wounded.
The iceblast engulfs the orc priest!
You kill the orc priest!
The orc warrior is distracted by your dazzling golden aura.
You completely miss the orc priest.
The orc priest is moderately wounded.
The orc warrior shouts!
The orc priest closely misses you.
Okay, then.
Aiming: Iceblast
Press: ? - help, Shift-Dir - straight line, f - orc priest
Aim: an orc priest, wielding a +0 hand axe and wearing a +0 scale mail (moderately wounded)
The mass of ice explodes!
The iceblast engulfs the orc priest!
The orc priest is almost dead.
The iceblast engulfs the orc warrior!
The orc warrior is heavily wounded.
The orc warrior is no longer distracted by gold.
You hit the orc priest.
You kill the orc priest!
Your Transmutations skill increases to level 1!
You hit the orc warrior but do no damage.
The orc warrior is heavily wounded.
The orc warrior hits you with a +0 dire flail!!
You die...
Your body crumbles into a pile of gold.

###Z##.##.###
#............#
#.##......#
#####...######
#...Z...#.# #...#
#########.##### #...#
#...Z...# #...#
#.#.###.# #...#
#.#.###.####$..######..
#.#...................#
........@o.............
#.....................#
#.########.......####..
#.# #.#...#.# . #.#
#.#...#.# #.# #.#...#.#
#.# #.#...#.#
######.########.......
#............####...###


You could see an orc warrior.

Vanquished Creatures
  A two-headed ogre (D:6)
  Sigmund (D:4)
  6 yaks (D:7)
  Edmund (D:4)
  An acid dragon (D:6)
  A hornet zombie (D:7)
  An ice beast (D:6)
  A sky beast (D:6)
  A necrophage (D:6)
  2 ogres
  A centaur (D:7)
  A phantom (D:4)
  Blork the orc (D:4)
  2 bullfrogs
  A gnoll sergeant (D:6)
  A wyvern zombie (D:5)
  2 scorpions
  A water moccasin skeleton (D:6)
  A wyvern skeleton (D:5)
  A bullfrog zombie (D:5)
  A centaur zombie (D:6)
  3 orc priests
  Crazy Yiuf (D:5)
  A scorpion zombie (D:4)
  2 orc wizards
  A hound zombie (D:5)
  3 gnolls (D:6)
  A howler monkey skeleton (D:6)
  7 adders
  9 river rats
  2 shadow imps
  5 worms
  3 dart slugs
  9 orcs
  2 bats
  6 endoplasms
  A giant cockroach (D:1)
  9 goblins
  14 hobgoblins
  5 kobolds
  A quokka (D:1)
  7 ball pythons
  9 frilled lizards
  12 rats
142 creatures vanquished.

Vanquished Creatures (others)
  6 plants (Sewer)
  4 withered plants (D:3)
10 creatures vanquished.

Grand Total: 152 creatures vanquished

Notes
Turn   | Place    | Note
-------+----------+-------------------------------------------
     0 | D:1      | styxcanada the Spriggan Brigand began the quest for the
                  | Orb.
     0 | D:1      | Reached XP level 1. HP: 10/10 MP: 2/2
   191 | D:1      | Found a faded altar of an unknown god.
   241 | D:1      | Reached skill level 6 in Stealth
   493 | D:1      | Reached XP level 2. HP: 8/15 MP: 3/3
  1714 | D:2      | Reached skill level 7 in Stealth
  1714 | D:2      | Reached XP level 3. HP: 18/18 MP: 4/4
  2070 | D:2      | Learned a level 2 spell: Ensorcelled Hibernation
  3149 | D:3      | Reached XP level 4. HP: 23/23 MP: 5/5
  3178 | D:3      | Found a runed translucent gate.
  3178 | D:3      | Found a runed translucent gate.
  3184 | D:3      | Found a runed translucent gate.
  3194 | D:3      | Noticed pkoi's ghost (amateur DgCj)
  3194 | D:3      | Noticed greasedhog's ghost (amateur GrFi)
  3195 | D:3      | Noticed bnorton916's ghost (weakling DEVM)
  3751 | D:3      | Reached skill level 1 in Hexes
  4072 | D:4      | Reached skill level 1 in Spellcasting
  4077 | D:4      | Noticed Edmund
  4150 | D:4      | Killed Edmund
  4151 | D:4      | Reached XP level 5. HP: 7/26 MP: 6/8
  4227 | D:4      | Noticed Sigmund
  4481 | D:4      | Noticed Blork the orc
  4490 | D:4      | Killed Blork the orc
  4491 | D:4      | Reached skill level 8 in Stealth
  4491 | D:4      | Reached skill level 1 in Ice Magic
  4491 | D:4      | Reached XP level 6. HP: 30/30 MP: 9/9
  4661 | D:4      | Killed Sigmund
  4662 | D:4      | Reached skill level 1 in Shields
  4980 | D:4      | Reached XP level 7. HP: 29/35 MP: 11/11
  5231 | D:4      | Reached skill level 1 in Slings
  5532 | D:5      | Entered Level 5 of the Dungeon
  5540 | D:5      | Found an ancient bone altar of Kikubaaqudgha.
  5960 | D:5      | Found a staircase to the Ecumenical Temple.
  5967 | Temple   | Entered the Ecumenical Temple
  6046 | Temple   | Became a worshipper of Gozag Ym Sagoz the Greedy
  6235 | D:5      | Found a runed translucent door.
  6236 | D:5      | Noticed Crazy Yiuf
  6303 | D:5      | Killed Crazy Yiuf
  6760 | D:5      | Reached skill level 9 in Stealth
  6760 | D:5      | Reached XP level 8. HP: 31/39 MP: 13/13
  7430 | D:6      | Noticed a two-headed ogre
  7438 | D:6      | Killed a two-headed ogre
  7439 | D:6      | Reached skill level 5 in Dodging
  7721 | D:6      | Found a glowing drain.
  7725 | Sewer    | Entered a sewer
  8406 | D:6      | HP: 2/40 [gnoll/+4 whip (12)]
  8422 | D:6      | HP: 2/40 [centaur zombie (1)]
  8729 | D:6      | Reached XP level 9. HP: 21/44 MP: 16/16
  9508 | D:6      | Reached skill level 10 in Stealth
  9898 | D:7      | Reached skill level 5 in Short Blades
  9898 | D:7      | Reached skill level 5 in Spellcasting
  9912 | D:7      | Reached skill level 1 in Evocations
 10090 | D:7      | Learned a level 1 spell: Sting
 10182 | D:7      | Reached skill level 5 in Hexes
 10668 | D:7      | Reached skill level 1 in Transmutations
 10668 | D:7      | Slain by an orc warrior

Illustrated notes

Levels and vault maps discovered:
D:1:      kennysheep_arrival_forest, layout_basic, basic_ecumenical_altar
D:2:      layout_rooms
D:3:      cheibrodos_greedy_goblins, layout_rooms, gammafunk_ghost_cemetery
D:4:      layout_rooms, uniq_edmund, uniq_blork_the_orc, uniq_sigmund
D:5:      layout_loops_corners, nicolae_overflow_hidden_temple,
          minmay_temple_entry_ruins, uniq_crazy_yiuf_cottage
D:6:      layout_loops_ring, lightli_sewer_entry_pipes
D:7:      layout_loops_cross
Temple:   dpeg_five_rooms_temple

Skill      XL: |  1  2  3  4  5  6  7  8  9 |
---------------+----------------------------+-----
Stealth        | 6 7 8 9 10 | 10.8
Dodging        | 2 3 4 5 6 |  6.8
Hexes          | 1 2 4 5 |  5.0
Spellcasting   | 1 2 3 4 5 |  5.4
Fighting       | 2 3 |  3.3
Ice Magic      | 1 2 3 |  3.3
Short Blades   | 3 4 5 |  5.3
Shields        | 1 2 3 |  3.3
Throwing       | 3 |  3.6
Slings         | 2 3 |  3.3
Evocations     | 1 |  1.1
Transmutations | 1 |  1.0
Poison Magic   | |  0.4

Action                   |  1- 3 |  4- 6 |  7- 9 || total
-------------------------+-------+-------+-------++-------
Melee: Dagger            |   132 |    91 |   490 ||   713
       Punch             |     1 |       |       ||     1
 Fire: Hunting sling     |       |    11 |    45 ||    56
Throw: Dart              |    15 |    33 |    33 ||    81
       Stone             |       |     2 |     2 ||     4
 Cast: Ensorcelled Hiber |       |       |    20 ||    20
Evoke: Wand              |       |       |    11 ||    11
  Use: Scroll            |       |     7 |     3 ||    10
       Potion            |       |     1 |     4 ||     5
 Stab: Sleeping          |    10 |     6 |    21 ||    37
       Distracted        |       |       |     2 ||     2
Armor: Robe              |    13 |     4 |    29 ||    46
Dodge: Dodged            |    83 |    55 |   264 ||   402
Block: Buckler           |       |    20 |   110 ||   130
